[Event "13th Rheinland-Pfalz-Open 2023"]
[Site "Neuwied-Engers"]
[Date "2023.06.10"]
[Round "6.10"]
[White "Boos, Patrick"]
[Black "Puth, Dieter"]
[Result "1/2-1/2"]
[Annotator "TA"]
[ECO "C69"]
[WhiteElo "2048"]
[BlackElo "2171"]
[PlyCount "73"]
[EventDate "2023.01.12"]
[EventType "swiss"]
[EventCountry "GER"]
[SourceTitle "playchess.com"]
[Source "ChessBase"]
[SourceQuality "1"]
[TimeControl "40/5400+30:1800+30"]

1. e4 e5 2. Nf3 Nc6 3. Bb5 a6 4. Bxc6 dxc6 5. O-O f6 6. d4 exd4 7. Nxd4 c5 8. Nb3 Qxd1 9. Rxd1 Bg4 10. f3 Bd7 11. Be3 b6 12. Nc3 O-O-O {[%emt 0:10:52] C69: Ruy Lopez: Exchange Variation with 5 0-0 f6.} 13. a4 {[%emt 0:08:52] a5 is the strong threat.} a5 14. Rd2 Bc6 (14... Ne7 $15) 15. Rxd8+ $14 Kxd8 16. Rd1+ Kc8 17. Nd2 Ne7 18. Nc4 Ng6 {[%emt 0:02:15] [#]} 19. b3 $146 ({Predecessor:} 19. Kf2 Be7 20. Nd5 Bd8 21. b3 Re8 22. Bc1 Ne5 23. Nxe5 Rxe5 24. c4 Bd7 25. g4 c6 26. Ne3 {1-0 Sanchez Romero,M (2259)-Also Alvarado,L (2164) ESP-chT2 Gr2 2010 (4)}) 19... Be7 20. Nd5 Rd8 21. Nxe7+ Nxe7 22. Rxd8+ Kxd8 $11 {[%emt 0:00:10][%mdl 4096] Endgame KBN-KBN} 23. Kf2 Kd7 24. Bd2 Bb7 25. Bc3 Ke6 26. Ke3 Bc6 27. g3 g6 28. h4 Bb7 29. g4 h5 30. Kf4 hxg4 {[%emt 0:01:47] The position is equal.} 31. fxg4 g5+ 32. hxg5 fxg5+ 33. Kf3 Nc6 {[%emt 0:00:22] Strongly threatening ...Nd4+.} 34. Ke3 {[%emt 0:01:52] Wards off Nd4} Nb4 35. Na3 Ba6 36. Be1 Nc6 37. Bg3 {[%emt 0:02:29] Weighted Error Value: White=0.07 (flawless) /Black=0.10 (very precise)} 1/2-1/2

[Event "13th Rheinland-Pfalz-Open 2023"]
[Site "Neuwied-Engers"]
[Date "2023.06.11"]
[Round "7.1"]
[White "Peng, Li Min"]
[Black "Stillger, Bernhard"]
[Result "1-0"]
[Annotator "TA"]
[ECO "C44"]
[WhiteElo "2530"]
[BlackElo "2289"]
[PlyCount "87"]
[EventDate "2023.01.12"]
[EventType "swiss"]
[EventCountry "GER"]
[SourceTitle "playchess.com"]
[Source "ChessBase"]
[SourceQuality "1"]
[TimeControl "40/5400+30:1800+30"]

1. e4 e5 2. Nf3 Nc6 3. c3 Nf6 4. d4 exd4 5. e5 Nd5 6. cxd4 d6 7. Bb5 Be7 {[%emt 0:03:23] C44: Ponziani Opening and Scotch Gambit.} 8. Nc3 Nxc3 9. bxc3 O-O {[%emt 0:00:41] The position is equal.} 10. O-O Bg4 11. h3 Bh5 12. Re1 {[%emt 0:00:06] [#]} dxe5 $146 ({Predecessor:} 12... a6 13. Bd3 dxe5 14. dxe5 Kh8 15. Bf4 Qd7 16. Be4 Rad8 17. Qxd7 Rxd7 18. Rab1 Na5 {1-0 Lu,S (2533)-Bok,B (2591) Wch U20 53rd 2014 (8)}) 13. Bxc6 {[%emt 0:00:04][%mdl 64] [#] Remove Defender} bxc6 14. g4 {[%emt 0:08:36][%cal Of3e5] And now Nxe5! would win.} Bg6 15. Nxe5 Bd6 16. Qf3 Bxe5 (16... Qh4 {looks sharper.} 17. Re2 f5 18. Nxg6 hxg6 19. Rb1 fxg4 20. Qxg4 Qf6) 17. dxe5 Qd5 18. Qg3 (18. Qxd5 {simplifies} cxd5 19. Kh2 Rfe8 20. Be3) 18... Rfe8 19. Be3 c5 (19... Qxe5 20. Qxe5 Rxe5 21. f4 $16) (19... Rxe5 20. Rad1 Qa5 21. f4 $16) 20. f4 {[%emt 0:00:02][%cal Oc3c4] c4! would be deadly.} Bd3 21. Rad1 c4 22. Bd4 c5 23. Bf2 Rab8 24. f5 Rb2 {[%emt 0:03:14] [#]} 25. e6 $1 fxe6 (25... Rxa2 26. exf7+) 26. Re5 {[%emt 0:00:05] Dancing on a razor blade.} Qc6 (26... Qb7 $14) 27. Rde1 $16 Rb1 (27... Qb7 $142) 28. Rxb1 (28. Bxc5 Rxe1+ 29. Qxe1 Rb8 $15) 28... Bxb1 29. Qe3 (29. Bxc5 $6 exf5 30. gxf5 Qd7 $14) (29. Rxc5 $16 Qa4 30. fxe6) 29... a6 (29... h5 $14) 30. fxe6 ({Of course not} 30. Qxc5 $6 Qxc5 31. Bxc5 Kf7 $11) 30... Bd3 31. e7 ({Resist} 31. Qxc5 $6 Rxe6 32. Qxc6 Rxc6 $14) 31... Qf6 32. Qxc5 ({Weaker is} 32. Rxc5 Kf7 $11) 32... Qf3 33. Re3 Qf7 34. Qe5 {[%emt 0:03:02] Black is weak on the dark squares} Bg6 35. Re1 h5 (35... Qf6 {is a better defense.} 36. Bc5 Qxe5 37. Rxe5 Kf7) 36. Bd4 $18 hxg4 37. hxg4 {[%emt 0:00:04] Hoping for Qd6.} Bd3 (37... Qf6 $142 38. Qxf6 gxf6 39. Bxf6 Kf7) 38. Kg2 Qg6 39. Kg3 Qf7 40. Re3 {[%emt 0:00:13] aiming for Bc5.} Kh8 (40... Kh7 $18 41. Bc5 Qg6) 41. Bc5 {[%emt 0:30:28] White mates.} Bh7 42. Rf3 Qg6 43. Rf8+ Bg8 44. Qh5+ {[%emt 0:00:05] An entertaining game by Peng.   Weighted Error Value: White=0.07 (flawless) /Black=0.37} 1-0

[Event "13th Rheinland-Pfalz-Open 2023"]
[Site "Neuwied-Engers"]
[Date "2023.06.11"]
[Round "7.2"]
[White "Iolis, Oleg"]
[Black "Winterberg, Lukas"]
[Result "0-1"]
[Annotator "TA"]
[ECO "C70"]
[WhiteElo "2168"]
[BlackElo "2405"]
[PlyCount "102"]
[EventDate "2023.01.12"]
[EventType "swiss"]
[EventCountry "GER"]
[SourceTitle "playchess.com"]
[Source "ChessBase"]
[SourceQuality "1"]
[TimeControl "40/5400+30:1800+30"]

1. e4 e5 2. Nf3 Nc6 3. Bb5 a6 4. Ba4 Nge7 5. Nc3 Ng6 6. d4 {[%emt 0:00:16] C70: Ruy Lopez: 3...a6 4 Ba4, Norwegian and Delayed Schliemann.} Nxd4 7. Nxd4 exd4 8. Qxd4 {[%emt 0:00:14] The position is equal.} b5 $1 9. Bb3 Bb7 {[%emt 0:00:20] Against Qd5} 10. Qe3 Bd6 11. O-O O-O {[%emt 0:00:18] [#]} 12. Qg5 $146 ({Predecessor:} 12. f4 Qe7 13. Kh1 Bc5 14. Qd3 Rae8 15. f5 Ne5 16. Qg3 Kh8 17. Bf4 d6 18. Rad1 {0-1 Tregubov,P (2543)-Demchenko,A (2654) Chess.com Rapid Wk17 Swiss 2022 (9)}) 12... Qxg5 13. Bxg5 Rae8 14. f3 b4 (14... c5 $5 15. Rad1 Be5 $15) 15. Nd1 Kh8 16. Ba4 f6 17. Be3 Re7 18. c3 bxc3 19. Nxc3 f5 20. Bg5 Re5 21. f4 $2 (21. Bd2 $11 {and White stays safe.}) 21... Rxe4 ({Black should play} 21... Ra5 $19 {Hoping for ...h6.} 22. Bxd7 (22. exf5 Raxf5 23. Bxd7 h6 $19) 22... h6 23. Bxf5 Raxf5 24. exf5 Rxf5 25. Bxh6 gxh6) 22. Nxe4 $15 (22. Bxd7 $2 Rb4 23. Be6 h6 $19) 22... Bxe4 23. Bd1 {[%emt 0:07:53] White is on the road to losing.} (23. Bxd7 $2 {perishes.} h6 24. Rac1 hxg5 25. fxg5 Ne5 $19) 23... h6 {[%emt 0:04:49][%cal Bh7h6,Bh6g5][%mdl 32] Black has more active pieces. The white rooks are badly placed.} 24. Bh5 hxg5 25. Bxg6 Bxf4 {[%emt 0:00:25] This pair of bishops is nice.} 26. Rae1 {[%emt 0:03:42][%cal Og2g4] Wards off Be3+} Rf6 $36 {[%emt 0:05:09][%mdl 2048] White is under strong pressure.} 27. Be8 (27. Bh5 $142) 27... d5 $17 28. h4 d4 29. hxg5 Bxg5 {[%emt 0:01:38] And now ...Be3+ would win.} 30. Rxe4 fxe4 31. Rxf6 Bxf6 {[%emt 0:06:29][%mdl 4096] Endgame KB-KB} 32. Bg6 e3 33. Bd3 a5 $1 34. a4 Kg8 35. Kf1 Kf7 36. Ke2 Ke6 37. b3 Kd5 38. Bg6 $2 (38. Bc4+ Ke4 39. Ba6) 38... Kc5 $1 $19 39. Kd3 Kb4 40. Bf7 {[%emt 0:00:09] [#]} Ka3 $1 {[%emt 0:00:59] ...Kb2 is the strong threat.} 41. Be6 c5 {[%emt 0:30:44] White must now prevent ...Kb2.} 42. Bd5 Kb2 $2 (42... g5 43. Be6 Be5) 43. Be6 $2 (43. Bg8) 43... Be7 44. Bd5 g6 45. Be6 g5 {[%emt 0:00:53][%cal Oe3e2] Strongly threatening ...e2!} 46. Bd5 $2 (46. g4) 46... g4 {[%emt 0:00:12] Black is clearly winning.} 47. Be6 Bf8 48. Bd5 {[%emt 0:00:56] [#]} e2 $1 {[%emt 0:05:22][%mdl 64] Deflection} 49. Kxe2 {[%emt 0:00:09] [#]} Kc2 $1 {[%emt 0:00:07] ( -> ...d3+)} 50. Bc4 Bg7 51. Bb5 Kxb3 {[%emt 0:00:31] Weighted Error Value: White=0.70/Black=0.26 (precise)} 0-1

[Event "13th Rheinland-Pfalz-Open 2023"]
[Site "Neuwied-Engers"]
[Date "2023.06.11"]
[Round "7.3"]
[White "Baerwinkel, Tobias"]
[Black "Foerster, Erik"]
[Result "1/2-1/2"]
[Annotator "TA"]
[ECO "D36"]
[WhiteElo "2324"]
[BlackElo "2165"]
[PlyCount "105"]
[EventDate "2023.01.12"]
[EventType "swiss"]
[EventCountry "GER"]
[SourceTitle "playchess.com"]
[Source "ChessBase"]
[SourceQuality "1"]
[TimeControl "40/5400+30:1800+30"]

1. d4 Nf6 2. c4 e6 3. Nc3 d5 4. cxd5 exd5 5. Bg5 Be7 6. e3 c6 7. Qc2 O-O 8. Bd3 h6 9. h4 Re8 10. Nf3 Nbd7 11. Bf4 {[%emt 0:00:50] D36: Queen's Gambit Declined: Exchange Variation: Main line (5 Bg5 c6 6 Qc2).} c5 {[%emt 0:13:19] [#]} 12. g4 $146 ({Predecessor:} 12. O-O-O a6 13. g4 c4 14. Bf5 Nf8 15. g5 Bxf5 16. Qxf5 g6 17. Qh3 Nh5 18. gxh6 b5 {1-0 Sisatto,O (2227)-Soppela,J (2168) FIN-chT 0203 2002 (5.8)}) 12... cxd4 $1 13. Nxd4 {[%emt 0:01:09] Strongly threatening g5.} Nc5 (13... Nxg4 $5 14. O-O-O (14. Nxd5 Bxh4 15. O-O-O Ndf6 $11) 14... Bxh4 $11) 14. g5 Nxd3+ 15. Qxd3 Ne4 16. f3 $36 {[%emt 0:14:44][%mdl 2048] Black is under pressure.} (16. gxh6 {is more complex.} g6 17. h5 g5 18. Rg1) 16... Nxc3 17. bxc3 (17. Qxc3 $5 Bd6 18. Bxd6 Qxd6 19. O-O-O $11) 17... h5 18. g6 {[%emt 0:00:47] gxf7+ is the strong threat.} Be6 19. Kd2 Bf6 20. Bg5 Rc8 $2 (20... Bxg5 $11 21. hxg5 fxg6 {[%mdl 64] Remove Defender}) 21. Rhg1 $16 {[%emt 0:07:37] White is more active.} Kf8 22. Bxf6 Qxf6 (22... gxf6 $16 23. Rac1 Qe7 24. gxf7 (24. g7+ Kg8 $14) 24... Bxf7) 23. gxf7 $2 ({Only move:} 23. Rg5 $18) 23... Bxf7 $11 24. Rg5 {[%emt 0:01:30] [#] And now Rag1 would win. Chess con chili.} Re5 25. Rag1 {[%emt 0:03:35] Black must now prevent Rxg7.} Rxg5 26. Rxg5 g6 {[%emt 0:03:09] Against Rf5} 27. Qb5 Qd6 28. f4 ({Much worse is} 28. Qxb7 Rb8 29. Qxa7 Qh2+ 30. Kd3 Rb1 31. Qa3+ Kg7 $15) 28... Qc7 {[%emt 0:02:03] Black is weak on the dark squares} 29. Qb4+ Qe7 $1 30. a3 {[%emt 0:02:37] next Nf3 is good for White.} Rc4 31. Qxe7+ (31. Qb2 {looks sharper.} Ra4 32. f5 gxf5 33. Rxf5 Kg8 34. Rg5+) 31... Kxe7 {[%emt 0:00:01][%mdl 4096] Endgame KRB-KRN} 32. Kc2 Ra4 33. Kb2 Ra6 34. Rg1 Rb6+ 35. Kc2 Be8 36. Rb1 (36. Rg5 $11) 36... Ba4+ $15 37. Kc1 Rxb1+ 38. Kxb1 $17 {[%emt 0:00:03] [#] KB-KN} Kd6 ({Better is} 38... Bd1 $1 $17) 39. Nf3 $11 {[%emt 0:00:56] The position is equal.} Bd7 40. Kc2 Kc5 41. Ne5 Bf5+ 42. Kb3 b5 43. Kb2 Be4 44. Kc1 Bf5 45. Kd1 Be4 46. Ke2 a5 47. Kd2 Bf5 48. Ke2 Be4 49. Kf2 Bf5 50. Kg3 a4 51. Kf2 Bc2 52. Ke2 Be4 53. Kd2 {[%emt 0:09:26] Weighted Error Value: White=0.19 (very precise) /Black=0.16 (very precise)} 1/2-1/2

[Event "13th Rheinland-Pfalz-Open 2023"]
[Site "Neuwied-Engers"]
[Date "2023.06.11"]
[Round "7.4"]
[White "Wiley, Tom E"]
[Black "Ronge, Tim"]
[Result "0-1"]
[Annotator "TA"]
[ECO "A45"]
[WhiteElo "2126"]
[BlackElo "2266"]
[PlyCount "56"]
[EventDate "2023.01.12"]
[EventType "swiss"]
[EventCountry "GER"]
[SourceTitle "playchess.com"]
[Source "ChessBase"]
[SourceQuality "1"]
[TimeControl "40/5400+30:1800+30"]

1. d4 Nf6 2. Bg5 c5 3. Bxf6 gxf6 4. d5 f5 5. c4 Bg7 6. Nc3 {[%emt 0:01:07] A45: Trompowsky Attack.} d6 7. Qc2 O-O 8. e3 {[%emt 0:00:46] White is slightly better.} Na6 9. a3 Nc7 10. Bd3 e6 11. Nge2 {[%emt 0:04:31] [#]} b5 $146 {[%emt 0:08:09][%mdl 64] Deflection} ({Predecessor:} 11... Qg5 12. Ng3 h6 13. O-O f4 14. Nge4 Qe5 15. exf4 Qxf4 16. Rae1 exd5 17. cxd5 Bg4 {0-1 Petrova,I (2087)-Ochedzan,T (2157) Titled Tuesday intern op 7th July blitz 2020 (9)}) 12. Nxb5 Nxb5 13. cxb5 exd5 14. O-O Rb8 15. Nc3 Be6 16. Bxf5 d4 {[%emt 0:02:42] [#]} 17. exd4 $1 (17. Bxh7+ $6 Kh8 18. exd4 cxd4 $11) 17... cxd4 18. Ne2 Rxb5 (18... Bxf5 $142 19. Qxf5 Qe8) 19. Ng3 (19. Bxh7+ $16 Kh8 20. Bd3) 19... Qh4 20. Bd3 Rc5 (20... Rb3 $5 ) 21. Qe2 Re5 22. Qd1 Bh6 $1 23. Re1 Bf4 24. Be4 {[%emt 0:10:07] White is weak on the dark squares} Rc8 (24... Re8 $15 25. Bd3 (25. Qxd4 Bf5 $17) 25... Bd7) 25. Qd3 {[%emt 0:02:34] [#]} ({White should play} 25. Qxd4 $11 f5 26. Bb7 Bxg3 27. Qxh4 Bxh4 28. Bxc8 Bxc8 29. Rxe5 dxe5 30. Rc1) 25... Rh5 {[%emt 0:03:30] Black is more active.} 26. Nf1 $2 (26. Qxd4 $2 {too greedy.} Qxh2+ 27. Kf1 Bxg3 28. fxg3 Qxg3 $19) (26. Nxh5 Qxh2+ 27. Kf1 Qh1+ 28. Ke2 Qxh5+ 29. Bf3 Qa5 $19) (26. h3 $14 Rg5 27. Nf5 Bh2+ 28. Kh1 (28. Kxh2 Bxf5 29. Bxf5 Qf4+ 30. Kh1 Rxf5 $16) 28... Bxf5 29. Bxf5 Qxf2 30. Bxh7+ Kg7 31. Re2) 26... Bxh2+ 27. Nxh2 Qxh2+ 28. Kf1 Bc4 {[%emt 0:00:05] Weighted Error Value: White=0.38/Black=0.23 (precise)} 0-1

[Event "13th Rheinland-Pfalz-Open 2023"]
[Site "Neuwied-Engers"]
[Date "2023.06.11"]
[Round "7.5"]
[White "Polster, Christian"]
[Black "Gasber, Johannes"]
[Result "1-0"]
[Annotator "TA"]
[ECO "B13"]
[WhiteElo "2250"]
[BlackElo "1687"]
[PlyCount "77"]
[EventDate "2023.01.12"]
[EventType "swiss"]
[EventCountry "GER"]
[SourceTitle "playchess.com"]
[Source "ChessBase"]
[SourceQuality "1"]
[TimeControl "40/5400+30:1800+30"]

1. d4 Nf6 2. Nc3 d5 3. Bf4 c5 4. e3 cxd4 5. exd4 a6 6. Nf3 {[%emt 0:01:15] B13: Caro-Kann: Exchange Variation and Panov-Botvinnik Attack.} Nc6 7. a3 Bg4 8. Be2 {[%emt 0:01:58] The position is equal.} e6 9. O-O Be7 10. Ne5 Bxe2 11. Nxe2 {[%emt 0:00:03] [#]} Qb6 $146 ({Predecessor:} 11... O-O 12. Nxc6 bxc6 13. Qd3 c5 14. c4 dxc4 15. Qxc4 Qb6 16. dxc5 Bxc5 17. b4 Be7 {½-½ Llavata Sanchis,R-Palacios Perez,J (2069) Valencia Autonomico North 2004 (4.8)}) 12. Nxc6 Qxc6 (12... bxc6 $15 13. b4 O-O) 13. Bg5 h6 14. Bxf6 Bxf6 15. c3 O-O 16. Nf4 g6 17. Qg4 Bg7 18. Rae1 b5 19. Re3 a5 20. Nd3 Qd6 21. h4 h5 22. Qd1 Qe7 23. Rh3 Bf6 (23... Qf6 $14) 24. Re1 Bxh4 {[%emt 0:04:00] [#]} 25. g4 $1 Kg7 (25... hxg4 $14 {deserves consideration.} 26. Qxg4 Bf6) 26. gxh5 $16 {[%emt 0:00:45] Black must now prevent Qg4.} g5 (26... Qg5+ $2 27. Kf1 Rh8 28. Re5 $18) 27. Qg4 Kh6 28. Nc5 (28. Ne5 $16) 28... Rae8 $14 29. Re5 $36 {[%emt 0:02:12][%mdl 2048] White has good play.} f5 $2 (29... Qf6 $14) 30. Qg2 (30. Rxe6+ $2 Qxe6 31. Qd1 Qe2 32. Qxe2 Rxe2 $19) (30. Qe2 $18 Qf7 31. Rhe3 (31. Nxe6 Rg8 $18) (31. Rxe6+ Rxe6 32. Nxe6 Rg8 $18) (31. Qxb5 Qxh5 32. Rxe6+ Rxe6 $16)) 30... Qf6 $2 (30... Rf6 $16) 31. Rhe3 (31. Nd7 $142 Qf7 32. Nxf8 Rxf8 33. Rhe3) 31... Kxh5 $2 (31... f4 32. Re1 f3) 32. Nxe6 $18 f4 33. Qf3+ (33. Nxf8 $2 {perishes.} fxe3 34. fxe3 (34. Rxe8 $2 {too greedy.} exf2+ 35. Kf1 Qf5 $19) 34... Rxf8 $19) 33... Kh6 34. Nxf8 Rxe5 35. Rxe5 {[%emt 0:00:23][%cal Be3e5,Be5e6,Be6e7][%mdl 32] [#] White wants to mate with Re6.} Qxf8 36. Re6+ Kg7 37. Qxd5 {[%emt 0:00:12] White threatens Qe5+ and mate.} Qf7 38. Qe5+ Kh7 39. Re7 {[%emt 0:00:09] Weighted Error Value: White=0.23 (precise) /Black=0.66.  Loses game:     	---       	Black=2      Missed win:     	---       	---        Mistake:       	White=3     	Black=4      Inaccurate:     	White=4     	Black=3      OK:         	White=7     	Black=8      Best:        	White=2     	Black=1      Strong:       	White=1     	---        Brilliant:      	---       	---} 1-0

[Event "13th Rheinland-Pfalz-Open 2023"]
[Site "Neuwied-Engers"]
[Date "2023.06.11"]
[Round "7.6"]
[White "Kotyk, Michael"]
[Black "Latzke, Boris"]
[Result "0-1"]
[Annotator "TA"]
[ECO "E44"]
[WhiteElo "2089"]
[BlackElo "2169"]
[PlyCount "30"]
[EventDate "2023.01.12"]
[EventType "swiss"]
[EventCountry "GER"]
[SourceTitle "playchess.com"]
[Source "ChessBase"]
[SourceQuality "1"]
[TimeControl "40/5400+30:1800+30"]

1. d4 Nf6 2. c4 e6 3. Nc3 Bb4 4. e3 b6 5. Nge2 Ne4 6. Qc2 Bb7 7. f3 Nxc3 {[%emt 0:07:57] E44: Nimzo-Indian: Rubinstein: 4...b6 5 Ne2.} 8. Nxc3 Qh4+ 9. g3 Qh5 {[%emt 0:01:12] [#] Black has an edge.} 10. e4 $146 (10. g4 $15 Qh4+ 11. Qf2) ({Predecessor:} 10. g4 Qh4+ 11. Qf2 Bxc3+ 12. bxc3 Qxf2+ 13. Kxf2 d6 14. Ba3 Nc6 15. Rb1 O-O-O 16. Be2 {0-1 Gonzalez Garcia,G (2207)-Larsen,B (2522) Las Palmas op 1999 (6)}) 10... Nc6 $1 $17 {[%emt 0:09:46] Black is more active.} (10... Qxf3 $6 11. Bg2 Qg4 12. O-O $11) 11. Qf2 {[%emt 0:10:41] [#]} (11. d5 $17 Nd4 12. Qd1) 11... Nxd4 $1 $19 {[%emt 0:12:47][%mdl 576] Deflection} 12. Qxd4 Qxf3 13. Rg1 (13. Qxg7 {only move.} O-O-O 14. Rg1) 13... Bc5 {[%emt 0:01:56][%mdl 64] Skewer} ({Less strong is} 13... Bxe4 14. Bg2 (14. Qxg7 f6 $16) 14... Bc5 15. Bxf3 $18 (15. Nxe4 Bxd4 16. Bxf3 Bxg1 $14) (15. Qxe4 Qf2+ 16. Kd1 Qxg1+ 17. Kc2 c6 $15)) (13... Qxe4+ 14. Be3 $16) 14. Qxg7 {[%emt 0:00:06] [#]} Qf2+ $1 ({Not} 14... Bf2+ 15. Kd2 Bxg1 16. Qxh8+ $14) 15. Kd1 Bd4 {[%emt 0:00:21] White did not feel at home in the position after the opening.   Weighted Error Value: White=0.83/Black=0.00 (flawless)} 0-1

[Event "13th Rheinland-Pfalz-Open 2023"]
[Site "Neuwied-Engers"]
[Date "2023.06.11"]
[Round "7.7"]
[White "Boidman, Yuri"]
[Black "Chassard, Cedric"]
[Result "0-1"]
[Annotator "TA"]
[ECO "C85"]
[WhiteElo "2304"]
[BlackElo "2094"]
[PlyCount "100"]
[EventDate "2023.01.12"]
[EventType "swiss"]
[EventCountry "GER"]
[SourceTitle "playchess.com"]
[Source "ChessBase"]
[SourceQuality "1"]
[TimeControl "40/5400+30:1800+30"]

1. e4 e5 2. Nf3 Nc6 3. Bb5 a6 4. Ba4 Nf6 5. O-O Be7 6. Bxc6 dxc6 7. d3 Nd7 8. b3 f6 {[%emt 0:00:34] C85: Closed Ruy Lopez: Deferred Exchange Variation.} 9. Bb2 Nc5 10. Nbd2 Ne6 {[%emt 0:02:57] Black is slightly better.} 11. Nc4 c5 12. Ne3 Nd4 13. c3 Nxf3+ 14. Qxf3 {[%emt 0:00:27] [#]} O-O $146 ({Predecessor:} 14... Be6 15. Rad1 O-O 16. d4 cxd4 17. cxd4 exd4 18. Bxd4 Qe8 19. Nf5 {½-½ Baier,P (2101)-Sojka,A (2118) CZE-chT2F 1213 2012 (7.23)}) 15. Rad1 c6 16. Nf5 Bxf5 17. Qxf5 Qc8 18. Qh5 Qe6 19. f4 f5 (19... exf4 {simplifies} 20. Rxf4 g6 21. Qe2 a5) 20. fxe5 (20. g4 $14) 20... fxe4 $1 $15 21. d4 Rxf1+ 22. Rxf1 cxd4 23. cxd4 c5 24. Qe2 Qd5 25. dxc5 Bxc5+ 26. Kh1 Qd3 {[%emt 0:09:59] Wards off Rd1} 27. Re1 {[%emt 0:00:00] Now White is beyond hope.} (27. Qxd3 $11 {and White has nothing to worry.} exd3 28. Rd1) 27... Rf8 $19 {[%emt 0:04:18][%cal Ba8f8,Bf8f2,Bf2f1][%mdl 32] ( -> ...Qxe2)} 28. h3 $2 (28. Qxd3 exd3 29. Bc3) 28... Rf2 {[%emt 0:09:05][%mdl 64] [#] Skewer} 29. Qg4 (29. Qxd3 $19 exd3 30. Rb1) 29... Rf1+ (29... Rxb2 30. Qe6+ Kf8 31. Qc8+ Kf7 32. e6+ (32. Qxc5 Rxg2 33. Qc7+ Kg6 $11) 32... Kg6 33. Qxc5 $11) 30. Kh2 Bg1+ ({Weaker is} 30... Rxe1 31. Qe6+ Kf8 32. Qc8+ Kf7 33. Qxc5 $15) 31. Kh1 Bf2+ 32. Kh2 Bg3+ (32... Bxe1 $142 33. Qe6+ Rf7 34. Qc8+ Rf8 35. Qe6+ Kh8 36. Qg4 Bd2 37. Qh4 Bf4+ 38. Qxf4 Rxf4 39. e6 e3 40. Be5 Qe4 41. e7 Qxe5 42. e8=Q+ Qxe8 43. g4 Rf2+ 44. Kg3 g5 45. h4 Qe5+ 46. Kh3 Rh2#) 33. Qxg3 Qxg3+ {[%emt 0:00:05][%mdl 64] [#] Remove Defender} 34. Kxg3 Rxe1 {[%emt 0:00:03][%mdl 4096] Endgame KR-KB} 35. Kf2 Rb1 36. Bd4 Kf7 37. Ke3 Ke6 38. Kxe4 Re1+ 39. Kd3 Kd5 {[%emt 0:00:16] And now ...Rd1+ would win.} 40. Kd2 {[%emt 0:00:00] Prevents Rd1+.} Rf1 41. Ke2 Rb1 42. e6 Kxe6 ({But not} 42... Kxd4 43. e7 Kc3 44. e8=Q $18 (44. e8=R b5 $17)) 43. Bxg7 Rg1 44. Kf3 Rc1 45. a4 (45. g3 $142) 45... Rb1 46. h4 Rxb3+ 47. Kf4 Rb4+ 48. Kg5 Rxa4 {[%emt 0:00:18] Black mates.} 49. g4 b5 50. h5 Rc4 {[%emt 0:00:16] Weighted Error Value: White=0.77/Black=0.22 (precise)} 0-1

[Event "13th Rheinland-Pfalz-Open 2023"]
[Site "Neuwied-Engers"]
[Date "2023.06.11"]
[Round "7.8"]
[White "du Maire, Jerome"]
[Black "Syrov, Arkadi"]
[Result "1-0"]
[Annotator "TA"]
[ECO "A62"]
[WhiteElo "2129"]
[BlackElo "2298"]
[PlyCount "59"]
[EventDate "2023.01.12"]
[EventType "swiss"]
[EventCountry "GER"]
[SourceTitle "playchess.com"]
[Source "ChessBase"]
[SourceQuality "1"]
[TimeControl "40/5400+30:1800+30"]

1. d4 Nf6 2. c4 c5 3. d5 e6 4. Nc3 exd5 5. cxd5 d6 6. g3 g6 7. Bg2 Bg7 8. Nf3 O-O 9. O-O Re8 10. Bf4 h6 {[%emt 0:01:06] A62: Modern Benoni: Fianchetto Variation without early ...Nbd7.} 11. Qc1 {[%emt 0:04:33] The main line 11.Qc1 scores better than 11.Re1.} g5 12. Be3 Bf5 {[%emt 0:00:34] The position is equal.} 13. h4 g4 14. Nd2 {[%emt 0:01:58][%cal Bf3d2,Bd2c4,Bc4b6,Bb6a8][%mdl 32] Nc4 is the strong threat.} Rxe3 $1 15. fxe3 Bg6 16. Nc4 a6 {[%emt 0:00:44] [#]} 17. a4 Nh5 {[%emt 0:00:55] [#]} 18. Kh2 $146 (18. Qe1 $14) ({Predecessor:} 18. Qe1 Qe7 19. Qf2 Nd7 20. a5 f5 21. Ra4 Rb8 22. Ra3 Ne5 23. Nd2 b5 24. axb6 Rxb6 {0-1 Shahaliyev,I (2380)-Ahmadzada,A (2467) AZE-ch Prelim 76th 2022 (7)}) 18... Qe7 $2 (18... Nd7 $1 $11 {and Black is okay.}) 19. Nb6 $18 Be5 20. Rf4 (20. Nxa8 $2 {loses.} Qxh4+ 21. Kg1 Bxg3 $19) 20... Nd7 21. Nxa8 {[%emt 0:02:57][%cal Oa4a5] [#] Strongly threatening a5!} Nxg3 $2 (21... Qd8 22. Be4 (22. Rxg4 Ndf6 $14) 22... Ndf6) 22. Kxg3 {[%emt 0:01:48] White is clearly winning.} Nf6 23. Qd2 {[%emt 0:41:13][%cal Oa8b6] aiming for Nb6!} Nh5+ 24. Kxg4 Qd7+ 25. Kf3 Nxf4 26. exf4 Qf5 27. Kg3 Bf6 28. e4 Qh5 29. Rh1 {[%emt 0:00:40] Black must now prevent Bf3.} Bh7 30. Qe2 {[%emt 0:00:28] Weighted Error Value: White=0.32/Black=0.70} 1-0